 Dungeon Crawl Stone Soup version 0.31.0-11-ge490571c62 (webtiles) character file.

Game seed: 15047292291970009759

309796 monsoonserge the Slayer (level 21, -5/175 HPs)
             Began as a Barachi Ice Elementalist on Feb 3, 2024.
             Was the Champion of Hepliaklqana.
             Slain by an orc warlord
             ... wielding a +1 dire flail of holy wrath
              (28 damage)
             ... on level 2 of the Vaults.
             The game lasted 04:25:39 (36456 turns).

monsoonserge the Slayer (Barachi Ice Elementalist) Turns: 36456, Time: 04:25:39

Health: -5/175     AC: 19    Str:  7    XL:     21   Next: 24%
Magic:  0/39       EV: 22    Int: 24    God:    Hepliaklqana [******]
Gold:   3647       SH: 14    Dex: 18    Spells: 22/38 levels left

rFire   + . .        a - +10 sling of the Heavens {drain, rPois}
rCold   + + .        D - +0 kite shield {reflect}
rNeg    . . .        u - +5 moon troll leather armour {Spirit, Regen++ MP+5}
rPois   +            w - +2 helmet
rElec   +            y - +0 cloak
rCorr   .            o - +0 pair of gloves of Luvvo {Int+2 SInv}
SInv    +            Q - +2 pair of boots {Fly}
Will    +....        H - amulet "Biuroh" {RegenMP rElec rC++ Regen+ Stlth-}
Stlth   ++           Z - ring of protection from fire
HPRegen 2.89/turn    V - +5 ring of evasion
MPRegen 0.66/turn

%: reflection, guardian spirit
@: portalling projectiles, freezing walls, flying, studying Throwing, slow
A: reduced essence, amphibious, slowness 1, strong legs 2, +LOS, talons 1,
mutation resistance 1, screaming 1, weak 1, subdued magic 1
}: 2/15 runes: decaying, serpentine
a: Hop, Renounce Religion, Recall Ancestor, Ancestor Identity, Transference,
Idealise


You were on level 2 of the Vaults.
You worshipped Hepliaklqana.
Hepliaklqana was exalted by your worship.
You visited 8 branches of the dungeon, and saw 34 of its levels.
You visited the Abyss 1 time.
You also visited: Bailey, Wizlab and Desolation.

You collected 4289 gold pieces.
You spent 642 gold pieces at shops.

Inventory:

Hand Weapons
 a - the +10 sling of the Heavens (weapon) {drain, rPois}
   (You found it on level 2 of the Dungeon)

   rPois:     It protects you from poison
 b - the +7 sling "Raisin" {flame, Will+ rCorr}
   (You found it on level 9 of the Dungeon)

   Will+:     It increases your willpower.
   rCorr:     It protects you from acid and corrosion.
Missiles
 f - 6 throwing nets
 L - 10 curare-tipped darts
Armour
 o - the +0 pair of gloves of Luvvo (worn) {Int+2 SInv}
   (You bought it in a shop on level 2 of the Orcish Mines)

   Int+2:     It affects your intelligence (+2).
   SInv:      It lets you see invisible.
 u - the +5 moon troll leather armour (worn) {Spirit, Regen++ MP+5}
   (You took it off a moon troll in a wizard's laboratory)

   MP+5:      It affects your magic capacity (+5).
   Regen++:   It increases your rate of health regeneration.
 w - a +2 helmet (worn)
 y - a +0 cloak (worn)
 D - a +0 kite shield of reflection (worn)
 Q - a +2 pair of boots of flying (worn)
Jewellery
 c - a ring of positive energy
 B - a ring of protection from cold
 H - the amulet "Biuroh" (around neck) {RegenMP rElec rC++ Regen+ Stlth-}
   (You acquired it on level 1 of the Vaults)

   [amulet of magic regeneration]

   RegenMP:   It increases your rate of magic regeneration.
   rC++:      It greatly protects you from cold.
   rElec:     It insulates you from electricity.
   Regen+:    It increases your rate of health regeneration.
   Stlth-:    It makes you less stealthy.
 T - a ring of poison resistance
 V - a +5 ring of evasion (right hand)
 Z - a ring of protection from fire (left hand)
Wands
 n - a wand of digging (11)
 q - a wand of charming (11)
 A - a wand of iceblast (35)
 G - a wand of mindburst (50)
 M - a wand of quicksilver (29)
 W - a wand of polymorph (10)
Scrolls
 e - a scroll of butterflies
 g - 17 scrolls of teleportation
 p - 2 scrolls of silence
 v - 11 scrolls of immolation
 x - 11 scrolls of poison
 z - 9 scrolls of fog
 F - 3 scrolls of revelation
 I - 5 scrolls of torment
 K - 7 scrolls of enchant weapon
 O - 5 scrolls of amnesia
 R - 5 scrolls of blinking
 S - 2 scrolls of brand weapon
 U - 4 scrolls of enchant armour
 Y - 5 scrolls of fear
Potions
 d - 2 potions of ambrosia
 h - 2 potions of haste
 i - 5 potions of brilliance
 j - 3 potions of invisibility
 k - 14 potions of curing
 l - 5 potions of cancellation
 r - 8 potions of heal wounds
 s - 2 potions of mutation
 t - 3 potions of resistance
 N - 3 potions of magic
 X - 6 potions of lignification
Miscellaneous
 m - a phial of floods
 C - a phantom mirror
 E - a lightning rod (4/4)
 J - a condenser vane
 P - a box of beasts


   Skills:
 + Level 24.0 Fighting
 - Level 0.9(1.0) Short Blades
 - Level 0.7(1.0) Long Blades
 - Level 0.6 Axes
 - Level 0.5 Staves
 - Level 15.0 Ranged Weapons
 + Level 11.0 Armour
 + Level 12.7 Dodging
 + Level 4.1 Stealth
 + Level 13.8 Shields
 - Level 9.0 Spellcasting
 - Level 8.0 Hexes
 - Level 3.0 Summonings
 - Level 0.4 Necromancy
 - Level 8.0 Translocations
 * Level 15.7 Ice Magic
 - Level 0.5 Earth Magic
 - Level 0.4 Alchemy
 + Level 7.4 Invocations
 + Level 7.9 Evocations


You had 22 spell levels left.
You knew the following spells:

 Your Spells              Type           Power      Damage    Failure   Level
a - Freeze                Ice            100%       1d10      1%          1
b - Frozen Ramparts       Ice            100%       1d16      1%          3
c - Summon Ice Beast      Ice/Summ       42%        N/A       1%          3
d - Ozocubu's Armour      Ice            60%        N/A       1%          3
e - Dimensional Bullseye  Hex/Tloc       18%        N/A       7%          4
f - Blink                 Tloc           74%        N/A       1%          2

Your spell library contained the following spells:

 Spells                   Type           Power      Damage    Failure   Level
 Slow                     Hex            100%       N/A       1%          1
 Confusing Touch          Hex            37%        N/A       1%          3
 Gell's Gravitas          Tloc           37%        N/A       1%          3
 Sigil of Binding         Hex            37%        N/A       1%          3
 Teleport Other           Tloc           37%        N/A       1%          3
 Manifold Assault         Tloc           37%        N/A       7%          4
 Passage of Golubria      Tloc           37%        N/A       7%          4
 Call Imp                 Summ           38%        N/A       8%          2
 Sandblast                Erth           20%        2d7       16%         1
 Call Canine Familiar     Summ           19%        N/A       16%         3
 Sting                    Conj/Alch      36%        1d5       17%         1
 Magic Dart               Conj           32%        1d4       19%         1
 Cigotuvi's Dreadful Rot  Necr/Alch/Air  18%        N/A       26%         2
 Mercury Vapours          Alch/Air       18%        N/A       26%         2
 Ozocubu's Refrigeration  Ice            30%        4d14      26%         7
 Scorch                   Fire           16%        2d5       28%         2
 Vhi's Electric Charge    Tloc/Air       46%        N/A       34%         4
 Passwall                 Erth           10%        N/A       43%         3
 Fugue of the Fallen      Necr           9%         N/A       45%         3
 Vampiric Draining        Necr           9%         2d6       45%         3
 Stone Arrow              Conj/Erth      18%        3d8       47%         3
 Animate Armour           Summ/Erth      28%        N/A       67%         4
 Martyr's Knell           Necr/Summ      14%        N/A       69%         4
 Summon Lightning Spire   Summ/Air       13%        N/A       71%         4
 Silence                  Hex/Air        11%        N/A       71%         5
 Dispersal                Tloc           18%        N/A       73%         6
 Dispel Undead            Necr           9%         3d8       86%         4
 Olgreb's Toxic Radiance  Alch           9%         N/A       86%         4
 Brom's Barrelling Bould  Conj/Erth      9%         2d3       87%         4
 Flame Wave               Conj/Fire      8%         2d5       89%         4
 Alistair's Intoxication  Alch           6%         N/A       99%         5
 Arcjolt                  Conj/Air       4%         1d14      99%         5
 Borgnjor's Vile Clutch   Necr/Erth      5%         N/A       99%         5
 Lee's Rapid Deconstruct  Erth           5%         3d6*      99%         5
 Death Channel            Necr           4%         N/A       100%        6
 Eringya's Noxious Bog    Alch           4%         4d6       100%        6
 Summon Cactus Giant      Summ           9%         N/A       100%        6
 Malign Gateway           Summ/Tloc      14%        N/A       100%        7
 Discord                  Hex            18%        N/A       100%        8
 Lehudib's Crystal Spear  Conj/Erth      4%         10d3      100%        8
 Maxwell's Capacitive Co  Air            4%         ∞         100%        8
 Summon Horrible Things   Summ           9%         N/A       100%        8


Dungeon Overview and Level Annotations

Branches:
Dungeon (15/15)            Temple (1/1) D:4            Lair (5/5) D:10
  Swamp (4/4) Lair:2        Snake (4/4) Lair:2        Slime (1/5) Lair:4
    Orc (2/2) D:10            Elf (0/3) Orc:2        Vaults (2/5) D:14
  Crypt (0/3) Vaults:2     Depths (0/4) D:15         Bailey (visited)
 WizLab (visited)         Desolation (visited)

Altars:
Ashenzari
Cheibriados
Dithmenos
Elyvilon
Fedhas
Gozag
Hepliaklqana
Kikubaaqudgha
Makhleb
Nemelex Xobeh
Okawaru
Qazlal
Ru
Sif Muna
Trog
Uskayaw
Vehumet
Wu Jian
Xom
Yredelemnul
Zin
The Shining One
Jiyva
Lugonu

Shops:
D:5 *   D:7 *[   D:9 *   Orc:2 (([[   Vaults:1 !

Portals:
Abyss: Lair:5

Annotations:
Swamp:3 Roxanne


Innate Abilities, Weirdness & Mutations

Your life essence is reduced to manifest your ancestor. (-10% HP)
You are amphibious.
You cover ground slowly.
You can hop long distances.
You have an extended range of vision and can be seen from far away.
You have sharp toenails.
You are somewhat resistant to further mutation.
You occasionally shout uncontrollably at your foes.
You are weak. (Str -2)
Your spells are a little easier to cast, but a little less powerful.


Message History

The walls around you are covered in ice.
Your ice beast barely misses the orc knight.
The wall freezes the war gargoyle but does no damage.
You block the war gargoyle's attack.
The wall freezes the orc knight but does no damage.
The orc knight hits you with a +0 war axe!!
The orc knight hits your ice beast with a +0 war axe!!
The wall freezes the orc knight!
The orc knight barely misses you.
The wall freezes the orc warlord but does no damage.
The orc warlord hits you with a +1 dire flail of holy wrath!
The peacekeeper resists.
The wall freezes the peacekeeper.
The peacekeeper bites you. The peacekeeper claws you.
Fire: a) +10 sling of the Heavens {drain, rPois}
Press: ? - help, Q - select action, (/) - cycle Shift-Dir - straight line, f - war gargoyle
Aim: a war gargoyle, wielding a +4 flail of holy wrath (almost destroyed, strong, 90% to hit)
You shoot a sling bullet.
The sling bullet hits the war gargoyle but does no damage.
The war gargoyle is almost destroyed.
Your projectile teleports!
The sling bullet hits the peacekeeper.
The peacekeeper is moderately damaged.
The war gargoyle completely resists.
The wall freezes the war gargoyle but does no damage.
The war gargoyle hits you with a +4 flail of holy wrath!!!
* * * LOW HITPOINT WARNING * * *
The wall freezes the peacekeeper but does no damage.
The peacekeeper bites you.
* * * LOW HITPOINT WARNING * * *
The peacekeeper claws you.
* * * LOW HITPOINT WARNING * * *
Your ice beast hits the orc knight but does no damage.
The wall freezes the orc knight.
The orc knight completely misses you.
The orc knight hits your ice beast with a +0 war axe!!
Your ice beast dies!
Your ice beast disappears in a puff of smoke!
The wall freezes the orc knight.
The orc knight hits you but does no damage.
The wall freezes the orc warlord!
The orc warlord hits you with a +1 dire flail of holy wrath!!
You die...

#.. #.....# .. #...
#.....##.# #..#######
#.....?#'# #..#(...[#
#......... #..#.....#
#......... #..#.....#..
#......... #..# $.)
#..##.........
#..###)###..##'####†###
#..'.9@o.#..#.....†...#
#..'.9oo§#..#...!.....#
#..###'###..#....8.(..#
#..# ... #.(#.........#
#..# ... #..#.........#
#..#.....#..'.........#
#..#?....#..'.8.8.....#
#..#######..#.........#
#(.........[#.8.......'


You could see an orc warlord (strong), 2 orc knights, a war gargoyle (strong)
and a peacekeeper (bullseye target).

Vanquished Creatures
  Mara (Swamp:2)
  A moon troll (WizLab)
  2 acid blobs
  A quicksilver dragon (Snake:4)
  3 tentacled starspawn
  Frances (Swamp:1)
  2 thorn hunters
  3 nagarajas
  Agnes (D:15)
  A rockslime (Slime:1)
  Donald (Snake:1)
  4 vault wardens (Vaults:2)
  Louise (D:15)
  3 orc warlords
  7 very ugly things (WizLab)
  A cacodemon (WizLab)
  2 quicksilver oozes (Slime:1)
  2 formless jellyfish (Slime:1)
  2 ironbound preservers
  3 stone giants (WizLab)
  3 ironbound thunderhulks
  2 eleionomae
  2 bunyips
  Nessos (D:13)
  3 war gargoyles (WizLab)
  2 dire elephants
  A crystal guardian (Vaults:2)
  An eidolon (Abyss:1)
  An ettin (Vaults:1)
  A jiangshi (Vaults:1)
  Josephine (D:11)
  An entropy weaver (Vaults:2)
  A rakshasa (Abyss:1)
  A servant of whispers (Desolation)
  3 fire dragons (Swamp:4)
  2 great orbs of eyes (Vaults:1)
  A peacekeeper (Vaults:2)
  6 vault guards (D:14)
  9 hydras
  A ghost crab (Lair:2)
  7 anacondas
  3 salamander tyrants
  8 alligators
  4 ironbound frosthearts
  5 centaur warriors (Vaults:1)
  5 two-headed ogres
  4 boulder beetles
  7 naga warriors
  2 death yaks (Lair:4)
  2 orc high priests (Orc:2)
  A thrashing horror (Lair:5)
  A spriggan berserker (Swamp:4)
  6 naga sharpshooters
  7 shock serpents
  Sonja (Lair:3)
  2 fire crabs (Lair:4)
  7 salamander mystics
  A wretched star (Abyss:1)
  7 sea snakes
  3 skysharks
  A spriggan druid (Swamp:4)
  9 glowing orange brains
  Lodul (D:14)
  A goliath frog (Swamp:2)
  12 mana vipers
  10 lindwurms
  5 swamp dragons
  8 ironbound convokers
  2 bog bodies (Swamp:2)
  2 necromancers
  A spectral hydra (Lair:2)
  10 deep trolls
  An orange crystal statue (WizLab)
  5 naga ritualists
  A deep elf archer (Swamp:2)
  5 orc sorcerers
  8 orc knights
  18 salamanders
  2 ugly things (WizLab)
  2 oklob plants
  A wolf spider (D:15)
  3 cyclopes (D:14)
  A shadow dragon skeleton (Vaults:2)
  5 will-o-the-wisps
  A shining eye (Slime:1)
  A stone giant zombie (Vaults:2)
  5 manticores
  3 guardian serpents (Snake:4)
  7 elephants
  5 centaur zombies (D:11)
  9 kobold blastminers
  A stone giant skeleton (Vaults:2)
  10 naga magi
  A smoke demon (Lair:5)
  3 vault sentinels (Vaults:2)
  26 black mambas
  An orange demon (Lair:3)
  7 torpor snails
  2 large abominations (Lair:5)
  10 cane toads
  A gargoyle (D:12)
  An eye of devastation (WizLab)
  7 centaur skeletons (D:11)
  14 komodo dragons
  9 rime drakes
  A kobold demonologist (D:12)
  An efreet (D:13)
  9 yaktaurs
  The ghost of VoidStrider the Gusty, a novice TeAE (D:4)
  3 polar bears
  10 trolls
  A hellwing (Abyss:1)
  A bloated husk (Swamp:3)
  2 tyrant leeches
  4 hornets
  2 saltlings (Vaults:2)
  31 blink frogs
  3 dream sheep (Lair:3)
  Prince Ribbit (D:9)
  2 raiju
  A spectral elephant (Lair:2)
  A spectral black mamba (Lair:2)
  15 slime creatures
  A vampire (D:10)
  9 spriggans
  2 shadows (D:11)
  7 wyverns (Lair:4)
  10 basilisks
  8 wraiths
  17 yaks
  A basilisk (shapeshifter) (D:14)
  12 wargs
  3 fire bats (Swamp:4)
  A redback (Vaults:2)
  5 vampire mosquitoes
  17 nagas
  8 swamp worms
  An acid dragon (D:9)
  A hell hound (Swamp:2)
  13 water moccasins
  20 orc warriors
  8 swamp drakes
  2 ice beasts
  A sky beast (D:7)
  A black bear (shapeshifter) (Lair:5)
  8 small abominations
  2 black bears
  4 laughing skulls
  11 ogres
  12 wolves
  A boggart (Vaults:1)
  11 centaurs
  A kobold brigand (D:12)
  17 bullfrogs
  2 spectral water moccasins (Lair:2)
  2 scorpions (D:6)
  An earth elemental (Abyss:1)
  6 wights
  A water moccasin skeleton (D:4)
  4 killer bees (D:10)
  An electric eel (Snake:4)
  5 bombardier beetles
  A lava snake (Swamp:4)
  2 hounds
  2 jellies
  3 sleepcaps
  13 orc priests
  2 gnoll boudas
  4 starcursed masses (WizLab)
  4 iguanas
  3 hell rats (Lair:4)
  21 orc wizards
  8 gnolls
  7 adders
  A white imp (D:5)
  2 ufetubi (D:7)
  A ribbon worm (D:2)
  2 dart slugs
  73 orcs
  9 endoplasms
  5 giant cockroaches
  12 goblins
  5 hobgoblins
  4 jackals (D:1)
  21 kobolds
  4 quokkas
  4 ball pythons
  3 bats
  2 frilled lizards
  4 rats
  4 starspawn tentacles (WizLab)
958 creatures vanquished.

Vanquished Creatures (collateral kills)
  Vashnia (Snake:4)
  Jorgrun (Snake:3)
  A quicksilver dragon (WizLab)
  An acid blob (Lair:4)
  7 tentacled starspawn (WizLab)
  2 nagarajas
  A curse skull (Vaults:1)
  An orc warlord (Vaults:2)
  A cacodemon (WizLab)
  3 very ugly things (WizLab)
  4 ironbound preservers
  A quicksilver ooze (Slime:1)
  2 stone giants (WizLab)
  2 ironbound thunderhulks
  A bunyip (Swamp:4)
  3 dire elephants
  A shambling mangrove (Swamp:3)
  3 great orbs of eyes
  2 yaktaur captains (Vaults:1)
  2 peacekeepers (Vaults:2)
  A salamander tyrant (Snake:4)
  3 vault guards
  2 alligators
  4 hydras
  2 ghost crabs (Swamp:2)
  Harold (D:9)
  3 anacondas
  2 ironbound frosthearts (Vaults:1)
  4 centaur warriors
  An ogre mage (Orc:2)
  2 naga warriors
  A two-headed ogre (D:9)
  A thrashing horror (Lair:5)
  2 death yaks (Lair:4)
  A spriggan berserker (Swamp:4)
  Amaemon (Lair:3)
  2 shock serpents
  3 naga sharpshooters
  A soul eater (Vaults:2)
  A wretched star (Abyss:1)
  3 salamander mystics
  A skyshark (Lair:3)
  A goliath frog (Swamp:2)
  4 deep trolls
  A large abomination (Lair:5)
  A mana viper (Snake:1)
  A glowing orange brain (WizLab)
  2 sea snakes
  5 swamp dragons
  5 lindwurms
  An orc knight (Vaults:2)
  5 ironbound convokers
  2 naga ritualists (Snake:4)
  An oklob plant (Lair:1)
  A necromancer (Vaults:2)
  A stone giant zombie (Vaults:2)
  A human zombie (Vaults:2)
  An ugly thing (Lair:5)
  2 will-o-the-wisps
  7 salamanders
  A stone giant skeleton (Vaults:2)
  A cyclops (Orc:1)
  6 centaur zombies
  A vault sentinel (Vaults:2)
  2 guardian serpents
  An elephant (Lair:4)
  A kobold blastminer (D:10)
  A smoke demon (Abyss:1)
  6 naga magi
  3 eyes of devastation (WizLab)
  12 black mambas
  3 komodo dragons
  4 cane toads
  A yaktaur (Vaults:2)
  An unseen horror (shapeshifter) (Lair:5)
  An unseen horror (D:11)
  A rime drake (Lair:3)
  Maggie (D:9)
  An ancient zyme (Abyss:1)
  A tengu conjurer (D:15)
  A yaktaur skeleton (Vaults:2)
  2 tyrant leeches
  7 blink frogs
  A hornet (Swamp:4)
  A bloated husk (Swamp:1)
  4 saltlings
  A dream sheep (Lair:3)
  A spectral dream sheep (Lair:2)
  21 slime creatures
  2 shadows
  7 small abominations (Lair:5)
  A ynoxinul (Abyss:1)
  2 spriggans
  4 wyverns
  2 wraiths
  2 basilisks
  A warg (D:10)
  8 yaks
  6 golden eyes (WizLab)
  2 redbacks (Vaults:2)
  2 swamp worms
  A vampire mosquito (D:12)
  15 nagas
  5 chaos spawn
  2 glowing shapeshifter zombies (Vaults:2)
  An acid dragon (D:8)
  4 water moccasins
  17 orc warriors
  3 swamp drakes
  An ice beast (D:6)
  A laughing skull (D:15)
  8 ogres
  A centaur (D:13)
  4 wolves
  4 bullfrogs
  2 wights
  A killer bee (D:10)
  13 orc priests
  3 starcursed masses (WizLab)
  A bullfrog skeleton (D:4)
  7 orc wizards
  4 iguanas
  28 orcs
  2 frilled lizards (D:13)
  2 goblins
  8 starspawn tentacles (WizLab)
389 creatures vanquished.

Vanquished Creatures (others)
  An ironbound preserver (Vaults:1)
  A centaur warrior (Vaults:1)
  A naga sharpshooter (Snake:4)
  A deep elf knight (Swamp:2)
  A swamp dragon (Swamp:4)
  An orc knight (Vaults:2)
  3 yaktaurs
  A queen bee (Lair:5)
  A hornet (Swamp:4)
  A spriggan (Lair:5)
  A vampire mosquito (Swamp:3)
  32 knights
  32 foxfires
  14 starspawn tentacles
91 creatures vanquished.

Grand Total: 1438 creatures vanquished

Notes
Turn   | Place    | Note
-------+----------+-------------------------------------------
     0 | D:1      | monsoonserge the Barachi Ice Elementalist began the quest
                  | for the Orb.
     0 | D:1      | Reached XP level 1. HP: 13/13 MP: 3/3
   146 | D:1      | Reached skill level 5 in Ice Magic
   196 | D:1      | Reached XP level 2. HP: 17/19 MP: 1/5
   626 | D:1      | Reached XP level 3. HP: 24/24 MP: 5/7
   705 | D:1      | Learned a level 3 spell: Frozen Ramparts
   709 | D:1      | Learned a level 3 spell: Summon Ice Beast
  1206 | D:2      | Found a faded altar of an unknown god.
  1464 | D:2      | Reached XP level 4. HP: 20/31 MP: 5/8
  1595 | D:2      | Identified the +10 sling of the Heavens {drain, rPois}
  2175 | D:3      | Reached skill level 1 in Armour
  2175 | D:3      | Reached skill level 1 in Summonings
  2203 | D:3      | Reached skill level 1 in Ranged Weapons
  2203 | D:3      | Reached XP level 5. HP: 36/36 MP: 9/9
  2607 | D:4      | Noticed an ogre
  2613 | D:4      | Killed an ogre
  2614 | D:4      | Reached XP level 6. HP: 42/42 MP: 10/10
  2648 | D:4      | Identified the +8 quarterstaff of the Shark {freeze, rElec
                  | rC+}
  2678 | D:4      | Reached skill level 1 in Fighting
  2778 | D:4      | Found a staircase to the Ecumenical Temple.
  2792 | D:4      | Found a runed translucent gate.
  2822 | Temple   | Entered the Ecumenical Temple
  2971 | D:4      | Reached XP level 7. HP: 41/48 MP: 7/11
  3056 | D:4      | Found a runed translucent gate.
  3061 | D:4      | Found a runed translucent gate.
  3216 | D:4      | Noticed VoidStrider's ghost (novice TeAE)
  3408 | D:4      | Reached skill level 5 in Ranged Weapons
  3580 | D:5      | Entered Level 5 of the Dungeon
  3625 | D:5      | Found a hide-covered altar of Uskayaw.
  3643 | D:5      | Reached skill level 2 in Fighting
  3643 | D:5      | Reached XP level 8. HP: 56/56 MP: 12/12
  3695 | Temple   | Became a worshipper of Hepliaklqana the Forgotten
  4142 | D:5      | Found Nerunler's Overcharged Wands.
  4466 | D:6      | Reached * piety under Hepliaklqana
  4497 | D:6      | Reached skill level 3 in Fighting
  4725 | D:6      | Found a white marble altar of Elyvilon.
  5032 | D:7      | Found a radiant altar of Vehumet.
  5038 | D:7      | Reached ** piety under Hepliaklqana
  5039 | D:7      | Remembered your ancestor Paullus as a knight
  5048 | D:7      | Reached XP level 9. HP: 33/58 MP: 13/13
  5049 | D:7      | Reached skill level 4 in Fighting
  5157 | D:7      | Found Gozag's Platinum Reserve.
  5157 | D:7      | Found an opulent altar of Gozag.
  5507 | D:7      | Found Qycle's Antique Armour Boutique.
  5793 | D:7      | Found a sparkling altar of Nemelex Xobeh.
  5956 | D:8      | Found a bloodstained altar of Trog.
  5981 | D:8      | Reached skill level 10 in Ranged Weapons
  6207 | D:8      | Identified the +5 falchion of Diycwut {venom, rF+ rC-
                  | Stlth+}
  6409 | D:9      | Identified the +7 sling "Raisin" {flame, Will+ rCorr}
  6476 | D:9      | Noticed a two-headed ogre
  6485 | D:9      | Killed a two-headed ogre
  6486 | D:9      | Reached XP level 10. HP: 63/63 MP: 14/14
  6504 | D:9      | Noticed Prince Ribbit
  6518 | D:9      | Killed Prince Ribbit
  6522 | D:9      | Found a flagged portal.
  6534 | Bailey   | Entered a bailey
  6901 | D:9      | Reached *** piety under Hepliaklqana
  6913 | D:9      | Noticed Harold
  6922 | D:9      | Killed Harold
  7016 | D:9      | Reached skill level 1 in Invocations
  7024 | D:9      | Reached skill level 5 in Armour
  7093 | D:9      | Found Luzujun's General Store.
  7101 | D:9      | Bought 2 potions of heal wounds for 160 gold pieces
  7134 | D:9      | Noticed Maggie
  7142 | D:9      | Killed Maggie
  7364 | D:9      | Learned a level 3 spell: Ozocubu's Armour
  7365 | D:10     | Entered Level 10 of the Dungeon
  7498 | D:10     | Reached XP level 11. HP: 69/69 MP: 15/15
  7637 | D:10     | Found a glowing silver altar of Zin.
  7719 | D:10     | Reached skill level 5 in Fighting
  7747 | D:10     | Found a staircase to the Orcish Mines.
  7943 | D:10     | Reached skill level 6 in Fighting
  7993 | D:10     | Found a staircase to the Lair.
  8230 | D:10     | Found a faded altar of an unknown god.
  8230 | D:10     | Found a sacrificial altar of Ru.
  8239 | D:10     | Reached skill level 7 in Fighting
  8248 | D:10     | Found a burning altar of Makhleb.
  8250 | D:10     | Found an ancient bone altar of Kikubaaqudgha.
  8252 | D:10     | Found an iron altar of Okawaru.
  8312 | D:10     | Found a snail-covered altar of Cheibriados.
  8384 | D:11     | Reached **** piety under Hepliaklqana
  8454 | D:11     | Noticed a two-headed ogre
  8462 | D:11     | Killed a two-headed ogre
  8512 | D:11     | Reached skill level 8 in Fighting
  8512 | D:11     | Noticed a necromancer
  8513 | D:11     | Noticed Josephine
  8531 | D:11     | Killed Josephine
  8533 | D:11     | Killed a necromancer
  8543 | D:11     | Reached skill level 9 in Fighting
  8597 | D:11     | Reached skill level 10 in Fighting
  8597 | D:11     | Reached XP level 12. HP: 45/87 MP: 2/18
  8843 | D:11     | Reached skill level 5 in Dodging
  8928 | D:11     | Reached skill level 11 in Fighting
  9102 | D:11     | Reached skill level 5 in Invocations
  9337 | Lair:1   | Entered Level 1 of the Lair of Beasts
  9431 | Lair:1   | Reached skill level 12 in Fighting
  9660 | Lair:1   | Found a blossoming altar of Fedhas.
  9678 | Lair:1   | Gained mutation: You can hop long distances. [Barachi
                  | growth]
  9678 | Lair:1   | Reached XP level 13. HP: 88/98 MP: 19/19
  9847 | Lair:1   | Reached skill level 13 in Fighting
 10187 | Lair:2   | Reached skill level 1 in Evocations
 10522 | Lair:2   | Reached skill level 14 in Fighting
 10660 | Lair:2   | Reached ***** piety under Hepliaklqana
 10753 | Lair:2   | Found a staircase to the Swamp.
 10997 | Lair:2   | Found a staircase to the Snake Pit.
 11661 | Lair:3   | Noticed Amaemon
 11676 | Lair:3   | Killed Amaemon
 11677 | Lair:3   | Reached skill level 15 in Fighting
 11776 | Lair:3   | Reached XP level 14. HP: 104/110 MP: 16/20
 11800 | Lair:3   | Noticed Sonja
 11804 | Lair:3   | Killed Sonja
 11962 | Lair:3   | Learned a level 4 spell: Dimensional Bullseye
 12107 | Lair:4   | Reached skill level 1 in Hexes
 12107 | Lair:4   | Reached skill level 1 in Translocations
 12137 | Lair:4   | Reached skill level 5 in Evocations
 12351 | Lair:4   | Found a viscous altar of Jiyva.
 12351 | Lair:4   | Found a staircase to the Slime Pits.
 12399 | Lair:4   | Reached skill level 10 in Ice Magic
 12926 | Lair:4   | Reached skill level 5 in Spellcasting
 13145 | Lair:4   | Reached skill level 5 in Translocations
 13193 | Lair:4   | Reached skill level 5 in Hexes
 13400 | Lair:5   | Entered Level 5 of the Lair of Beasts
 13444 | Lair:5   | Found a glowing golden altar of the Shining One.
 13519 | Lair:5   | Learned a level 2 spell: Blink
 13566 | Lair:5   | Reached XP level 15. HP: 94/116 MP: 12/22
 14273 | Lair:5   | Found a corrupted altar of Lugonu.
 14273 | Lair:5   | Found a one-way gate to the infinite horrors of the Abyss.
 14904 | Orc:1    | Entered Level 1 of the Orcish Mines
 14929 | D:10     | Reached skill level 16 in Fighting
 15008 | Orc:1    | Noticed an orc warlord
 15178 | D:10     | Killed an orc warlord
 15643 | Orc:2    | Entered Level 2 of the Orcish Mines
 15912 | Orc:2    | Paralysed by an ogre mage for 2 turns
 15916 | Orc:2    | Paralysed by something for 3 turns
 15944 | Orc:2    | Found Xuh Hek's Weapon Emporium.
 16034 | Orc:2    | Found a staircase to the Elven Halls.
 16039 | Orc:2    | Found Kenn's Antique Armour Shop.
 16066 | Orc:2    | Bought a pair of slimy gloves for 323 gold pieces
 16066 | Orc:2    | Identified the +0 pair of gloves of Luvvo {Int+2 SInv} (You
                  | bought it in a shop on level 2 of the Orcish Mines)
 16240 | Orc:2    | Noticed an orc warlord
 16267 | Orc:2    | Killed an orc warlord
 16268 | Orc:2    | Reached skill level 17 in Fighting
 16288 | Orc:2    | Reached ****** piety under Hepliaklqana
 16295 | Orc:2    | Found Othar's Antique Armour Emporium.
 16301 | Orc:2    | Found Ymiom's Antique Weapon Shoppe.
 16315 | Orc:2    | Bought a translucent robe for 159 gold pieces
 16315 | Orc:2    | Identified the +1 robe of Udithrim {Int+3 Dex+3} (You
                  | bought it in a shop on level 2 of the Orcish Mines)
 16447 | Orc:2    | Reached XP level 16. HP: 106/126 MP: 25/25
 16818 | Orc:2    | Paralysed by an orc sorcerer for 5 turns
 17161 | D:4      | Killed VoidStrider's ghost
 17945 | D:13     | Noticed Nessos
 17956 | D:13     | Killed Nessos
 18674 | D:14     | Noticed Lodul
 18685 | D:14     | Killed Lodul
 19015 | D:14     | Found a glowing golden altar of the Shining One.
 19326 | D:14     | Found a gate to the Vaults.
 19445 | D:15     | Entered Level 15 of the Dungeon
 19446 | D:15     | Found a broken altar of Ashenzari.
 19482 | D:15     | Noticed Agnes
 19483 | D:15     | Noticed Louise
 19488 | D:15     | Killed Agnes
 19498 | D:15     | Killed Louise
 19852 | D:15     | Reached skill level 15 in Ranged Weapons
 19972 | D:15     | Reached skill level 1 in Shields
 19980 | D:15     | Found a staircase to the Depths.
 20534 | Swamp:1  | Entered Level 1 of the Swamp
 20734 | Swamp:1  | Noticed Frances
 20744 | Swamp:1  | Killed Frances
 20832 | Swamp:1  | Noticed a thorn hunter
 20846 | Swamp:1  | Killed a thorn hunter
 21313 | Swamp:2  | Reached skill level 18 in Fighting
 21424 | Swamp:2  | Identified the +7 quarterstaff of Poverty {venom, rC+ rN+}
 21518 | Swamp:2  | Identified the ring "Uraugez" {Fire rElec}
 22019 | Swamp:2  | Reached XP level 17. HP: 112/135 MP: 27/27
 22444 | Swamp:3  | Noticed Mara
 22526 | Swamp:3  | Noticed Roxanne
 22692 | Swamp:2  | Noticed monsoonserge's illusion
 22865 | Swamp:2  | Noticed monsoonserge's illusion
 22892 | Swamp:2  | Noticed monsoonserge's illusion
 23147 | Swamp:2  | Noticed monsoonserge's illusion
 23162 | Swamp:2  | Killed Mara
 23562 | Swamp:4  | Entered Level 4 of the Swamp
 23572 | Swamp:4  | Reached skill level 5 in Shields
 23977 | Swamp:4  | Reached skill level 19 in Fighting
 24064 | Swamp:4  | Reached skill level 10 in Dodging
 24450 | Swamp:4  | Got a decaying rune of Zot
 25383 | Snake:1  | Entered Level 1 of the Snake Pit
 25544 | Snake:1  | Noticed Donald
 25550 | Snake:1  | Killed Donald
 25590 | Snake:1  | Reached skill level 20 in Fighting
 26207 | Snake:1  | Reached XP level 18. HP: 145/145 MP: 23/28
 26267 | Snake:1  | Reached skill level 10 in Armour
 28399 | Snake:3  | Noticed Jorgrun
 28412 | Snake:3  | Killed Jorgrun
 28811 | Snake:4  | Entered Level 4 of the Snake Pit
 28856 | Snake:4  | Noticed Vashnia
 28921 | Abyss:1  | Cast into level 1 of the Abyss (salamander)
 29008 | Abyss:1  | Reached skill level 21 in Fighting
 29014 | Abyss:1  | Found a corrupted altar of Lugonu.
 29233 | Snake:4  | Escaped the Abyss
 29894 | Snake:4  | Reached XP level 19. HP: 112/154 MP: 28/31
 30430 | Snake:4  | Killed Vashnia
 30431 | Snake:4  | Reached skill level 10 in Shields
 30583 | Snake:4  | HP: 5/156 [poisoned by a naga ritualist (toxic radiance)]
 30585 | Snake:4  | HP: 2/156 [poisoned by a naga ritualist (toxic radiance)]
 30590 | Snake:4  | HP: 2/156 [poisoned by a naga ritualist (toxic radiance)]
 31083 | Snake:4  | Got a serpentine rune of Zot
 31598 | Slime:1  | Entered Level 1 of the Pits of Slime
 31604 | Slime:1  | Reached skill level 22 in Fighting
 31870 | Slime:1  | Paralysed by a formless jellyfish for 1 turns
 31927 | Slime:1  | Gained mutation: You have hidden genetic defects. [a
                  | shining eye]
 32145 | Vaults:1 | Entered Level 1 of the Vaults
 32399 | Vaults:1 | Lost mutation: You have hidden genetic defects. [potion of
                  | mutation]
 32399 | Vaults:1 | Gained mutation: Your spells are a little easier to cast,
                  | but a little less powerful. [potion of mutation]
 32399 | Vaults:1 | Gained mutation: You have sharp toenails. [potion of
                  | mutation]
 32447 | Vaults:1 | Found a magical portal.
 32464 | WizLab   | Entered Lehudib's Moon Base
 32917 | WizLab   | Reached XP level 20. HP: 165/165 MP: 33/33
 33110 | WizLab   | Gained mutation: Your movements are slightly less
                  | encumbered by armour. (ER -2) [a cacodemon]
 33205 | WizLab   | Found a transporter.
 33209 | WizLab   | Reached skill level 23 in Fighting
 33548 | WizLab   | Found a transporter.
 33807 | WizLab   | Gained mutation: You are weak. (Str -2) [a cacodemon]
 33809 | WizLab   | Gained mutation: You occasionally shout uncontrollably at
                  | your foes. [a cacodemon]
 33967 | WizLab   | Gained mutation: You frequently scream uncontrollably at
                  | your foes. [a cacodemon]
 34049 | WizLab   | Identified the +1 pair of boots of the Thistle {*Slow rC+
                  | Stlth+}
 34492 | Vaults:1 | Identified a scroll of acquirement
 34498 | Vaults:1 | Found Dulog's Distillery.
 34501 | Vaults:1 | Acquired the amulet "Biuroh" {RegenMP rElec rC++ Regen+
                  | Stlth-}
 35332 | Vaults:1 | Reached skill level 15 in Ice Magic
 35483 | Vaults:2 | Found a staircase to the Crypt.
 35603 | Vaults:2 | Found a crumbling gateway.
 35610 | Vaults:2 | Lost mutation: Your movements are slightly less encumbered
                  | by armour. (ER -2) [potion of mutation]
 35610 | Vaults:2 | Lost mutation: You frequently scream uncontrollably at your
                  | foes. [potion of mutation]
 35610 | Vaults:2 | Gained mutation: You are somewhat resistant to further
                  | mutation. [potion of mutation]
 35619 | Desolati | Entered the Desolation of Salt
 35753 | Vaults:2 | Reached XP level 21. HP: 174/174 MP: 34/34
 36426 | Vaults:2 | Reached skill level 24 in Fighting
 36456 | Vaults:2 | Slain by an orc warlord

Illustrated notes

Levels and vault maps discovered:
D:1:      tarquinn_simple_flora_water_b, layout_basic
D:2:      layout_loops_corners, hellmonk_ecumenical_altar_run_dry
D:3:      layout_basic, minmay_cut_off
D:4:      layout_cave_pods, minmay_temple_entry_wispy,
          gammafunk_ghost_necromancy, hangedman_glass_teeth
D:5:      layout_loops_ring, mainiacjoe_overflow_cross_hatched,
          chequers_serial_rivers_micro_d, abandoned_shop,
          nicolae_shop_overcharged_wands
D:6:      layout_gridville, mainiacjoe_overflow_alcove_4
D:7:      layout_basic, marbit_many_paths, amcnicky_altar_gilded,
          nicolae_gozag_zags_fifth_avenue, serial_shops,
          nicolae_shop_window_shopping
D:8:      layout_rooms, mainiacjoe_overflow_24_doors
D:9:      layout_roguey, enter_bailey_3, serial_shops, nicolae_shop_peninsula,
          uniq_prince_ribbit1, uniq_maggie, uniq_harold
D:10:     layout_stronghold, lemuel_coloured_pillars_altar,
          mainiacjoe_overflow_small_starburst,
          chequers_temple_overflow_minitemple, lair_entry_dummy,
          david_orc_1_choice
D:11:     hangedman_screamer, layout_loops_ring
D:12:     layout_roguey
D:13:     layout_irregular_city, minmay_lizard_king, uniq_nessos
D:14:     layout_roguey, erik_vaults_2, nicolae_tso_carved_into_rock, uniq_lodul
D:15:     hangedman_depths_entry_try_elsewhere_first, layout_loops_ring,
          ashenzari_altar_1, uniq_louise, uniq_agnes
Temple:   nicolae_temple_bog_church
Lair:1:   layout_regular_city, hangedman_tree_tricks
Lair:2:   layout_cave_pods, nicolae_swamp_entry_spooky,
          alex1729_snake_entry_snake, dreamdust_mushroom_princess,
          grunt_megastairs_2
Lair:3:   layout_gridlike, chequers_serial_rivers_small_b, uniq_amaemon,
          uniq_sonja
Lair:4:   nzn_winding_woodlands_large [nzn_winding_woodlands_5x5_open_star,
          nzn_winding_woodlands_5x15_cabin, nzn_winding_woodlands_hourglass,
          nzn_winding_woodlands_center_pierced_h,
          nzn_winding_woodlands_15x15_killbox,
          nzn_winding_woodlands_center_garden,
          nzn_winding_woodlands_5x5_closed_star,
          nzn_winding_woodlands_5x15_lazy_stream,
          nzn_winding_woodlands_5x5_three], layout_loops_ring, slime_entry_1,
          special_room [special_room_mythical_zoo], minmay_shattered_shrine
Lair:5:   hellmonk_lair_end_abyssal_woods, layout_regular_city,
          lemuel_oklob_altar
Swamp:1:  layout_basic_swamp, evilmike_swamp_ruin_house_2, swamp_pool_3,
          uniq_frances
Swamp:2:  layout_basic_swamp, evilmike_swamp_ruin_rubble_2, swamp_pool_4,
          beargit_elvish_explorers
Swamp:3:  layout_falls_marsh, evilmike_swamp_ruin_house_4, uniq_mara,
          uniq_roxanne
Swamp:4:  swamp_fiery, layout_basic_swamp, swamp_pool_1_2,
          nicolae_swamp_spriggan_camp
Snake:1:  layout_layer_cave, drop_trap, grunt_ministairs_12, uniq_donald
Snake:2:  kennysheep_six_static_rooms, layout_basic
Snake:3:  layout_basic, nicolae_snake_springs, uniq_jorgrun
Snake:4:  hellmonk_snake_rune_quicksilver_temple, layout_cave_town,
          serial_bayou_lagoon_b, uniq_vashnia
Slime:1:  layout_caves
Orc:1:    layout_caves, mines5_lemuel
Orc:2:    grunt_orc_community_town_hall, layout_caves,
          grunt_orc_community_big_house_1, grunt_orc_community_big_house_1,
          grunt_orc_community_house_2, grunt_orc_community_house_1,
          grunt_orc_community_house_1, grunt_orc_community_house_2,
          regret_index_minedec_shroomtown_chain
Vaults:1: mu_enter_wizlab_4, nicolae_vaults_apartment_1, vaults_room_grid,
          vaults_room_grid, v_rooms_2, nicolae_vaults_surprise_closet,
          nicolae_vaults_closet_pinwheel_3, nicolae_vaults_cochlea,
          ontoclasm_vaults_ring_large, vaults_mumra_minichess,
          nicolae_vaults_display_case, nicolae_vaults_storage_room_water,
          nicolae_vaults_closet_pinwheel_4, vaults_dpeg_diagonal,
          layout_vaults_omnicross, serial_shops, shop
Vaults:2: portal_desolation_entry_garden, nooodl_orcs_dogs,
          minmay_crypt_entry_simple_sparse, nicolae_vaults_double_plus_1,
          hangedman_vaults_slice, nicolae_vaults_network_s,
          hangedman_vaults_stitches, v_misc_8, nicolae_vaults_double_plus_1,
          nicolae_vaults_asterisk, nicolae_vaults_ninety_degrees,
          hangedman_vaults_trim, vaults_room_pool, v_misc_30,
          vaults_dpeg_emergency_exit, serial_library_hellmonk_big_corner,
          layout_vaults_omnibox

Skill      XL: |  1  2  3  4  5  6  7  8  9 10 11 12 13 14 15 16 17 18 19 20 21 |
---------------+----------------------------------------------------------------+-----
Ice Magic      | 5 6 7 8 9 10 11 12 13 15 | 15.7
Stealth        | 2 3 4 |  4.1
Armour         | 1 2 3 4 5 6 7 8 9 10 11 | 11.0
Spellcasting   | 3 4 5 6 7 8 9 |  9.0
Summonings     | 1 2 3 |  3.0
Ranged Weapons | 1 3 4 6 8 11 14 15 | 15.0
Fighting       | 1 2 3 4 10 12 15 17 18 20 21 22 23 24 | 24.0
Dodging        | 3 6 7 8 9 10 11 12 | 12.7
Invocations    | 1 3 5 6 7 |  7.4
Evocations     | 4 5 6 7 |  7.9
Hexes          | 5 7 8 |  8.0
Translocations | 6 7 8 |  8.0
Shields        | 3 7 9 11 13 | 13.8
Short Blades   | |  0.9
Long Blades    | |  0.7
Axes           | |  0.6
Staves         | |  0.5
Necromancy     | |  0.4
Earth Magic    | |  0.5
Alchemy        | |  0.4

Action                     |  1- 3 |  4- 6 |  7- 9 | 10-12 | 13-15 | 16-18 | 19-21 || total
---------------------------+-------+-------+-------+-------+-------+-------+-------++-------
  Melee: Club              |    29 |       |       |       |       |       |       ||    29
         Unarmed           |     1 |       |       |       |       |       |       ||     1
         Dagger            |    13 |       |       |       |       |       |       ||    13
   Fire: Sling             |       |    80 |   200 |   536 |  1280 |  1567 |  1194 ||  4857
         Longbow           |       |       |       |       |       |   149 |       ||   149
   Cast: Freeze            |    28 |     3 |       |       |       |       |       ||    31
         Frozen Ramparts   |     2 |     3 |     2 |     3 |    33 |    32 |    52 ||   127
         Summon Ice Beast  |       |       |       |     5 |    16 |    12 |    15 ||    48
         Ozocubu's Armour  |       |       |       |     2 |     7 |     6 |    13 ||    28
         Blink             |       |       |       |       |     2 |    19 |     3 ||    24
         Dimensional Bulls |       |       |       |       |     3 |    19 |    26 ||    48
 Invoke: Ancestor Life: Kn |       |       |     1 |       |       |       |       ||     1
         Idealise          |       |       |       |     1 |     1 |     1 |     2 ||     5
         Recall Ancestor   |       |       |       |     1 |     4 |     6 |     1 ||    12
         Transference      |       |       |       |       |       |     1 |       ||     1
Ability: Hop               |       |     1 |       |     1 |     4 |    12 |     2 ||    20
  Evoke: Box of beasts     |       |       |       |     1 |     1 |     2 |       ||     4
         Wand              |       |       |       |       |     3 |     3 |       ||     6
         Condenser vane    |       |       |       |       |       |     1 |       ||     1
    Use: Potion            |       |     1 |       |       |       |     2 |     6 ||     9
         Scroll            |       |       |       |    12 |     4 |    11 |     5 ||    32
   Stab: Sleeping          |     3 |       |       |       |       |       |       ||     3
 Armour: Robe              |    26 |       |       |       |       |       |       ||    26
         Leather armour    |     6 |    19 |    34 |     9 |       |       |       ||    68
         Acid dragon scale |       |       |       |   133 |   371 |   377 |   132 ||  1013
         Troll leather arm |       |       |       |       |       |       |   250 ||   250
  Dodge: Dodged            |    34 |    16 |    20 |    75 |   326 |   275 |   436 ||  1182
  Block: Buckler           |       |       |       |       |       |   110 |       ||   110
         Reflection        |       |       |       |       |       |    27 |    30 ||    57
         Other             |       |       |       |       |       |     6 |       ||     6
         Kite shield       |       |       |       |       |       |   113 |   412 ||   525
